 Dungeon Crawl Stone Soup version 0.29.1-13-g9f3cf754e1 (webtiles) character file.

Game seed: 15969784911874709647

240 theswoord the Shooter (level 5, 0/38 HPs)
             Began as a Demonspawn Hunter on Jan 26, 2023.
             Slain by a rat (2 damage)
             ... on level 2 of the Dungeon.
             The game lasted 00:01:56 (1451 turns).

theswoord the Shooter (Demonspawn Hunter)           Turns: 1451, Time: 00:01:57

Health: 0/38       AC: 15    Str: 13    XL:     5   Next: 80%
Magic:  5/5        EV:  9    Int: 10    God:
Gold:   71         SH:  0    Dex: 17    Spells: 4/4 levels left

rFire   . . .      SeeInvis .   a - +0 shortbow
rCold   . . .      Faith    .   (shield currently unavailable)
rNeg    . . .      Spirit   .   l - +0 scale mail
rPois   .          Reflect  .   (helmet restricted)
rElec   .          Harm     .   (no cloak)
rCorr   .          Rampage  .   (no gloves)
Will    .....                   (no boots)
Stlth   ..........              (no amulet)
HPRegen 0.12/turn               (no ring)
MPRegen 0.09/turn               (no ring)

@: sanguine armoured
A: horns 1, powered by pain 1, sanguine armour 2
a: no special abilities


You were on level 2 of the Dungeon.
You visited 1 branch of the dungeon, and saw 2 of its levels.

You collected 71 gold pieces.

Inventory:

Hand Weapons
 a - a +0 shortbow (weapon)
Armour
 c - a +0 leather armour
 l - a +0 scale mail (worn)
Scrolls
 b - a scroll of immolation
 d - 2 scrolls of vulnerability {unknown}
 f - a scroll of blinking {unknown}
 g - a scroll of fog {unknown}
 i - 2 scrolls of identify {unknown}
Potions
 e - a potion of might {unknown}
 h - a potion of degeneration
 k - a potion of lignification {unknown}


   Skills:
 - Level 2.0 Fighting
 + Level 6.5 Ranged Weapons
 - Level 1.7 Dodging
 - Level 0.8 Stealth


You had 4 spell levels left.
You didn't know any spells.
Your spell library was empty.

Dungeon Overview and Level Annotations

Branches:
Dungeon (2/15)

Altars:

Annotations:
D:2 Natasha


Innate Abilities, Weirdness & Mutations

You have a pair of small horns on your head.
You sometimes gain a little power by taking damage.
When seriously injured, your blood forms thick armour. (AC +9)


Message History

The quokka barely misses you.
You shoot an arrow. The arrow barely misses the quokka.
The shadow imp barely misses you. The rat completely misses you.
The quokka bites you but does no damage.
Natasha claws you but does no damage. The rat misses you.
The shadow imp hits you.
* * * LOW HITPOINT WARNING * * *
Unknown command.
Fire: a) +0 shortbow
Press: ? - help, Q - select action Shift-Dir - straight line, f - Natasha, p - quokka
Aim: Natasha (severely wounded, 58% to hit)
You shoot an arrow. The arrow hits Natasha.
Natasha is almost dead.
The quokka barely misses you. Natasha barely misses you. The quokka bites you.
* * * LOW HITPOINT WARNING * * *
The rat bites you but does no damage.
The shadow imp hits you but does no damage.
Natasha casts a spell at you. The magic dart hits you.
* * * LOW HITPOINT WARNING * * *
Fire: a) +0 shortbow
Press: ? - help, Q - select action Shift-Dir - straight line, f/p - Natasha
Aim: Natasha (almost dead, 58% to hit)
You shoot an arrow. The arrow hits Natasha.
Natasha is almost dead.
The quokka bites you.
* * * LOW HITPOINT WARNING * * *
The rat misses you.
The shadow imp shouts, "Face thy requiem, thou worthless elf-skinned reprobate!"
The shadow imp hits you but does no damage.
Natasha claws you but does no damage.
The quokka bites you but does no damage.
Unknown command.
Fire: a) +0 shortbow
Press: ? - help, Q - select action Shift-Dir - straight line, f/p - Natasha
Aim: Natasha (almost dead, 58% to hit)
You shoot an arrow. The arrow barely misses Natasha.
The shadow imp hits you but does no damage.
The rat bites you.
You die...

#####......)......
#..........)###.##
#####.#.#.#####.#
#.#
......#....####.#
#.#
#............####
... #####....#.#
.§§ ##...#.##.#
#.§.#
###.##...##.##.#
#.§§#
......r@.......#
#..(#
###.##5rh##.....
... # ##5######..
/.. #.# .. ?$. ...
## ..# #.# #.# #.#


You could see Natasha, a white imp (summoned), a shadow imp (summoned), a quokka
and a rat.

Vanquished Creatures
  Sigmund (D:2)
  A gnoll (D:1)
  An adder (D:2)
  A dart slug (D:1)
  4 ball pythons
  2 endoplasms (D:1)
  4 giant cockroaches
  6 goblins
  6 jackals (D:1)
  3 quokkas (D:1)
  2 bats
  4 frilled lizards (D:1)
  6 kobolds
  2 rats (D:1)
43 creatures vanquished.

Notes
Turn   | Place    | Note
-------+----------+-------------------------------------------
     0 | D:1      | theswoord the Demonspawn Hunter began the quest for the
                  | Orb.
     0 | D:1      | Reached XP level 1. HP: 16/16 MP: 1/1
   193 | D:1      | Reached skill level 4 in Ranged Weapons
   193 | D:1      | Gained mutation: When seriously injured, your blood forms
                  | armour. (AC +9) [demonic ancestry]
   193 | D:1      | Reached XP level 2. HP: 17/22 MP: 2/2
   544 | D:1      | Gained mutation: When seriously injured, your blood forms
                  | thick armour. (AC +9) [demonic ancestry]
   544 | D:1      | Reached XP level 3. HP: 27/27 MP: 3/3
   780 | D:1      | Found a faded altar of an unknown god.
  1167 | D:2      | Reached skill level 5 in Ranged Weapons
  1237 | D:2      | Noticed Sigmund
  1262 | D:2      | Killed Sigmund
  1263 | D:2      | Reached skill level 6 in Ranged Weapons
  1263 | D:2      | Gained mutation: You have a pair of small horns on your
                  | head. [demonic ancestry]
  1263 | D:2      | Reached XP level 4. HP: 23/33 MP: 4/4
  1263 | D:2      | Gained mutation: You sometimes gain a little power by
                  | taking damage. [demonic ancestry]
  1263 | D:2      | Reached XP level 5. HP: 27/38 MP: 5/5
  1439 | D:2      | Noticed Natasha
  1451 | D:2      | Slain by a rat

Skill      XL: |  1  2  3 |
---------------+----------+-----
Ranged Weapons | 4 6 |  6.5
Fighting       | |  2.0
Dodging        | |  1.7
Stealth        | |  0.8

Action                   |  1- 3 |  4- 6 || total
-------------------------+-------+-------++-------
 Fire: Shortbow          |   112 |    30 ||   142
  Use: Potion            |     3 |       ||     3
Armor: Leather armour    |    24 |       ||    24
       Scale mail        |     7 |    24 ||    31
Dodge: Dodged            |    65 |    19 ||    84

Levels and vault maps discovered:
D:1:      mrwooster_arrival_arrow, layout_loops_cross,
          ebering_ecumenical_altar_webs, grunt_decor_cap
D:2:      layout_loops_ring, lemuel_flame_loot_1, uniq_natasha, uniq_sigmund
